 Dungeon Crawl Stone Soup version 0.20.1-1-g8b1a95d (webtiles) character file.

58 veneficus the Poker (level 4, -5/34 HPs)
             Began as a Merfolk Skald on Nov 5, 2017.
             Slain by a human (9 damage)
             ... on level 2 of the Dungeon.
             The game lasted 00:05:04 (2800 turns).

veneficus the Poker (Merfolk Skald)                 Turns: 2800, Time: 00:05:05

Health: -5/34      AC:  3    Str: 11    XL:     4   Next: 1%
Magic:  5/7        EV: 12    Int: 12    God:
Gold:   165        SH:  0    Dex: 14    Spells: 2/7 levels left

rFire    . . .     SeeInvis .   a - +0 spear
rCold    . . .     Gourm    .   (no shield)
rNeg     . . .     Faith    .   b - +0 leather armour
rPois    .         Spirit   .   (no helmet)
rElec    .         Reflect  .   (no cloak)
rCorr    .         Harm     .   (no gloves)
MR       .....                  (no boots)
Stlth    +.........             (no amulet)
Regen    0.2/turn               (no ring)
MPRegen  0.1/turn               (no ring)

@: shrouded (expiring), infused
A: change form in water, swift swim, stealthy swim
a: no special abilities


You were on level 2 of the Dungeon.
You were very hungry.

You visited 1 branch of the dungeon, and saw 2 of its levels.

You collected 165 gold pieces.

Inventory:

Hand Weapons
 a - a +0 spear (weapon)
Armour
 b - a +0 leather armour (worn)
Scrolls
 f - a scroll of noise {unknown}
 g - a scroll of immolation {unknown}
 h - 2 scrolls of teleportation {unknown}
 i - a scroll of fog {unknown}
 j - a scroll of recharging {unknown}
 m - a scroll of remove curse {unknown}
 n - a scroll of enchant armour {unknown}
 o - a scroll of enchant weapon {unknown}
 q - a scroll of identify {unknown}
Potions
 e - a potion of brilliance {unknown}
 k - a potion of curing {unknown}
 l - a potion of resistance {unknown}
 p - a potion of berserk rage {unknown}
Books
 c - a book of Battle

   Spells                             Type                      Level
   a - Infusion                       Charms                       1
   b - Shroud of Golubria             Charms/Translocation         2
   c - Song of Slaying                Charms                       2
   d - Spectral Weapon                Hexes/Charms                 3
   e - Regeneration                   Charms/Necromancy            3
Comestibles
 d - 2 bread rations


   Skills:
 - Level 2.3 Fighting
 * Level 4.8 Polearms
 - Level 0.7 Armour
 - Level 2.8 Dodging
 - Level 2.0 Spellcasting
 + Level 4.1 Charms


You had 2 spell levels left.
You knew the following spells:

 Your Spells              Type           Power        Failure   Level  Hunger
a - Infusion              Chrm           ##..         7%          1    ##.....
b - Shroud of Golubria    Chrm/Tloc      #.........   24%         2    ###....
c - Song of Slaying       Chrm           ##......     10%         2    ###....


Dungeon Overview and Level Annotations

Branches:
Dungeon (2/15)

Altars:
Yredelemnul


Message History

You closely miss the human. The human hits you!
You take 9 damage, and have 25/34 hp.
MASSIVE DAMAGE!!
You hit the human. The human barely misses you.
You hit the human. The human barely misses you.
You hit the human but do no damage. The human hits you!
You take 7 damage, and have 18/34 hp.
MASSIVE DAMAGE!!
You begin infusing your attacks with magical energy.
The human hits you!
You take 7 damage, and have 11/34 hp.
MASSIVE DAMAGE!!
You now have 6/7 mp.
Space distorts slightly along a thin shroud covering your body.
The human misses you.
You now have 4/7 mp.
You hit the human. You barely miss the human.
The human hits you but does no damage.
You miss the human. The human hits you!
* * * LOW HITPOINT WARNING * * *
You take 8 damage, and have 3/34 hp.
MASSIVE DAMAGE!!
Your shroud begins to fray at the edges.
The human hits you!
You die...

#..........................#
#.##########.###############
#.# #.# #.# #.# #.# ######.#
#####.## #......# .......#
#......# .......####......#
.......'.>######@#
.......##.# #p# #####'###.#
#.# #.###.### #.#
#.##....####.#####
#..+....'.##.....#
#.##....########.# #.##....#
#.# #####.##....# #.#


You could see a human.

Vanquished Creatures
  A dart slug (D:2)
  2 leopard geckos (D:1)
  A ball python (D:2)
  5 bats
  A giant cockroach (D:1)
  11 goblins
  7 hobgoblins
  4 jackals (D:1)
  5 kobolds (D:1)
  4 frilled lizards
  A goblin skeleton (D:2)
  6 rats
48 creatures vanquished.

Vanquished Creatures (others)
  A bat (D:2)
1 creature vanquished.

Grand Total: 49 creatures vanquished

Notes
Turn   | Place    | Note
-------+----------+-------------------------------------------
     0 | D:1      | veneficus the Merfolk Skald began the quest for the Orb.
     0 | D:1      | Reached XP level 1. HP: 16/16 MP: 3/3
    23 | D:1      | Reached XP level 2. HP: 11/23 MP: 0/5
  1006 | D:1      | Reached XP level 3. HP: 22/28 MP: 6/6
  1975 | D:2      | Found a runed door.
  1975 | D:2      | Noticed a human
  1978 | D:2      | Found a basalt altar of Yredelemnul.
  2262 | D:2      | Found a faded altar of an unknown god.
  2497 | D:2      | Reached XP level 4. HP: 28/34 MP: 4/7
  2550 | D:2      | Learned a level 2 spell: Shroud of Golubria
  2553 | D:2      | Learned a level 2 spell: Song of Slaying
  2800 | D:2      | Slain by a human

Skill      XL: |  1  2  3 |
---------------+----------+-----
Charms         | 4 |  4.1
Polearms       | 4 |  4.8
Fighting       | |  2.3
Armour         | |  0.7
Dodging        | |  2.8
Spellcasting   | |  2.0

Action                   |  1- 3 |  4- 6 || total
-------------------------+-------+-------++-------
Melee: Spear             |   193 |     9 ||   202
 Cast: Infusion          |     4 |     1 ||     5
       Shroud of Golubri |       |     1 ||     1
 Stab: Sleeping          |     3 |       ||     3
  Eat: Chunk             |     5 |       ||     5
Armor: Leather armour    |    28 |     1 ||    29
Dodge: Dodged            |    94 |     5 ||    99
